 Dungeon Crawl Stone Soup version 0.15-a0-1936-gbed3715 (webtiles) character file.

98077 PolkaDot the Maledictor (level 15, -9/90 HPs)
             Began as a Vampire Enchanter on July 8, 2014.
             Was the Champion of Ashenzari.
             Killed by angry trees
             ... awakened by a spriggan druid
              (18 damage)
             ... on Level 2 of the Swamp.
             The game lasted 02:36:56 (31910 turns).

PolkaDot the Maledictor (Vampire Enchanter)        Turns: 31910, Time: 02:36:56

HP  -9/90        AC 10     Str  7      XL: 15   Next: 73%
MP   8/26        EV 17     Int 25      God: Ashenzari [******]
Gold 2347        SH  6     Dex 14      Spells:  9 memorised,  4 levels left

rFire  + . .     SeeInvis +     a - +6 dagger (curse)
rCold  + + .     Clarity  +     t - +2 robe {Archmagi} (curse)
rNeg   + + +     rCorr    .     J - +0 buckler (curse)
rPois  +         rRot     +     r - +1 helmet (curse)
rElec  .         Spirit   .     P - +0 cloak (curse)
SustAb +         Warding  .     (no gloves)
rMut   .         Stasis   .     f - +2 pair of boots (curse)
Gourm  .                        (no amulet)
MR     +....                    s - cursed ring of Zaghap Cofi {SustAb +Inv Int+3}
                                B - cursed ring of protection from fire

@: bloodless, non-regenerating, somewhat resistant to hostile enchantments,
uncannily stealthy
A: bottle blood, fangs 3, see invisible, blink 1, low mp 1, unbreathing
a: Bat Form, Bottle Blood, Blink, Scrying, Transfer Knowledge, Renounce
Religion, Evoke Invisibility


You were on level 2 of the Swamp.
You worshipped Ashenzari.
Ashenzari was exalted by your worship.
You were bloodless.

You visited 4 branches of the dungeon, and saw 26 of its levels.
You also visited: Labyrinth and Ossuary.

You collected 2347 gold pieces.

Inventory:

Hand weapons
 a - a cursed +6 dagger (weapon)
Missiles
 E - a throwing net (quivered)
Armour
 f - a cursed +2 pair of boots (worn)
 r - a cursed +1 helmet (worn)
 t - a cursed +2 robe of the Archmagi (worn)
 J - a cursed +0 buckler (worn)
 P - a cursed +0 cloak (worn)
Magical devices
 C - a wand of teleportation (1)
 H - a wand of digging (15)
 I - a wand of disintegration (4)
 N - a wand of hasting (6) {unknown}
Scrolls
 d - 4 scrolls of recharging
 g - 3 scrolls of identify
 h - 5 scrolls of immolation
 i - 7 scrolls of magic mapping
 j - a scroll of blinking
 l - 4 scrolls of teleportation
 n - 3 scrolls of curse armour
 o - 5 scrolls of fog
 w - 9 scrolls of remove curse
 y - a scroll of torment
 z - 5 scrolls of curse weapon
 K - a scroll of summoning
 M - a scroll of silence
Jewellery
 s - the cursed ring of Zaghap Cofi (right hand) {SustAb +Inv Int+3}
   (You found it on level 5 of the Dungeon)

   [ring of sustain abilities]

   It sustains your strength, intelligence and dexterity.
   It affects your intelligence (+3).
   It lets you turn invisible.
   It has a curse placed upon it.
 B - a cursed ring of protection from fire (left hand)
Potions
 b - a potion of haste
 c - a potion of invisibility
 k - 6 potions of brilliance
 m - 2 potions of cure mutation {!q}
 p - 6 potions of restore abilities
 q - 3 potions of flight
 u - 7 potions of curing
 v - 3 potions of agility
 x - 2 potions of resistance
 A - 3 potions of might
Books
 F - a book of Wizardry

   Spells                             Type                      Level
   Agony                              Necromancy                   5
   Force Lance                        Conjuration                  5
   Dispersal                          Translocation                6
   Haste                              Charms                       6
   *Invisibility                      Hexes                        6
   Spellforged Servitor               Conjuration/Summoning        7
Rods
 D - a +4 rod of striking (12/12)
   (You took it off a minotaur in a labyrinth)
 G - a cursed +4 rod of ignition (9/9)
   (You found it in a labyrinth)


   Skills:
 - Level 13.0(17.1) Short Blades
 * Level 6.3(9.4) Dodging
 + Level 19.6(21.8) Stealth
 - Level 5.1(8.1) Shields
 - Level 7.4 Spellcasting
 + Level 23.3(25.3) Hexes
 - Level 2.8(5.3) Charms
 - Level 3.1(5.7) Ice Magic
 - Level 4.4(7.3) Evocations


You had 4 spell levels left.
You knew the following spells:

 Your Spells              Type           Power        Failure   Level  Hunger
a - Corona                Hex            #######      0%          1    None
b - Sure Blade            Hex/Chrm       #######...   1%          2    None
c - Confuse               Hex            ########     0%          3    None
d - Ensorcelled Hibernat  Hex/Ice        ######       1%          2    None
e - Enslavement           Hex            ########     0%          4    ###....
i - Invisibility          Hex            ########     1%          6    ######.
q - Blink                 Tloc           N/A          10%         2    None
s - Dazzling Spray        Conj/Hex       #######.     1%          3    None
A - Apportation           Tloc           ###.......   8%          1    None


Dungeon Overview and Level Annotations

Branches:
Dungeon (15/15)            Temple (1/1) D:5             Orc (0/4) D:12
   Lair (8/8) D:11          Swamp (2/5) Lair:4       Spider (0/5) Lair:4
  Slime (0/6) Lair:7       Vaults (0/5) D:13         Depths (0/5) D:15

Altars:
Ashenzari
Cheibriados
Dithmenos
Elyvilon
Fedhas
Gozag
Kikubaaqudgha
Makhleb
Nemelex Xobeh
Okawaru
Qazlal
Sif Muna
Trog
Vehumet
Xom
Yredelemnul
Zin
The Shining One

Portals:
Trove: D:10 (give 12 potions of heal wounds)


Innate Abilities, Weirdness & Mutations

You do not heal naturally.
You can bottle blood from corpses.
You have razor-sharp teeth.*
You have supernaturally acute eyesight.
You can survive without breathing.*
You can translocate small distances at will.
Your magical capacity is low (-10% MP).


Message History

The spriggan druid hits you with a runed cutlass!
* * * LOW HITPOINT WARNING * * *
Unknown command.
Tree limbs sway around you. A tree reaches out and hits you!
* * * LOW HITPOINT WARNING * * *
The raven barely misses you. The raven closely misses you.
Read which item? (? for menu, Esc to quit)
Blink to where?
Press: ? - help, Dir - move target cursor, p - spriggan druid You can't see that place. [a tree.]
Okay, then.
Drink which item? (? for menu, Esc to quit)
Okay, then.
Read which item? (? for menu, Esc to quit)
Okay, then.
Drink which item? (? for menu, Esc to quit)
You feel better.
You are hit by a branch!
You die...

♣♣♣♣♣ ♣
♣♣♣♣♣♣♣≈≈≈♣♣♣♣♣♣♣♣
♣♣@b≈≈≈≈≈≈≈≈♣♣§≈≈≈≈
♣.≈i≈♣♣♣.%≈≈≈≈≈≈≈≈≈
♣♣♣♣ ♣≈≈♣♣♣
♣♣♣.≈≈≈.♣♣♣♣
♣♣♣♣♣♣♣♣♣≈≈♣♣♣♣≈≈♣
♣♣♣♣♣♣♣♣♣
♣≈..♣P...≈≈.≈..≈♣♣
♣...♣♣♣♣♣
≈.≈≈..≈≈≈≈≈≈≈...♣
♣≈≈≈≈≈≈≈♣
.≈≈≈..≈≈...≈≈≈♣♣♣
♣≈≈≈...♣♣♣♣
....?.≈%..≈♣♣♣♣
♣♣...♣♣≈..♣♣
♣♣......≈P.♣♣
♣♣♣≈♣♣≈≈≈.♣


You could see a spriggan druid and a raven.

Vanquished Creatures
  Frances (D:14)
  Azrael (D:15)
  The ghost of Protee the Covert, a powerful DsWz of Vehumet (Lair:4)
  A minotaur (Lab)
  2 fire dragons
  Josephine (D:10)
  A rakshasa (D:13)
  2 ice dragons
  8 hydras
  3 alligators
  Urug (D:10)
  3 spriggans
  4 centaur warriors
  2 unseen horrors
  7 death yaks (Lair:5)
  A catoblepas (Lair:8)
  2 fire crabs
  2 swamp dragons
  7 hill giants
  An orc knight (D:15)
  A red wasp (Swamp:2)
  3 griffons (Lair:8)
  A wolf spider (D:13)
  5 lindwurms
  5 cyclopes
  2 salamanders (shapeshifter) (D:13)
  4 elephants (Lair:8)
  Maurice (D:8)
  15 spiny frogs
  A queen ant (Lair:8)
  A gargoyle (D:14)
  2 efreet
  7 black mambas
  6 fire drakes (Lair:8)
  10 komodo dragons
  4 trolls
  A spriggan druid (Lair:7)
  15 blink frogs
  A polar bear (Lair:7)
  9 slime creatures (D:13)
  3 two-headed ogres
  5 giant leeches
  3 boulder beetles
  4 baby alligators (Swamp:1)
  4 bog bodies
  11 basilisks
  A griffon skeleton (D:10)
  A shadow (Lab)
  2 wraiths
  A hill giant zombie (D:10)
  40 yaks
  2 deep elf magi
  2 wyverns (D:15)
  2 humans (Lair:7)
  A hungry ghost (D:11)
  11 ugly things
  2 deep elf fighters
  5 fire elementals (D:15)
  8 hippogriffs
  A steam dragon (Lair:8)
  A hill giant skeleton (D:11)
  16 water moccasins
  Edmund (Lair:7)
  An ogre zombie (D:13)
  20 soldier ants (Lair:8)
  4 mottled dragons
  9 porcupines
  12 vampire mosquitoes
  8 orc warriors
  2 wargs (D:15)
  15 swamp worms
  A deep troll skeleton (D:15)
  2 ice beasts
  3 hell hounds (D:15)
  3 yellow wasps
  A phantom (D:7)
  Purgy (D:3)
  3 black bears
  6 swamp drakes
  A boring beetle (Lair:3)
  18 centaurs
  5 ogres
  A hill giant simulacrum (D:14)
  Sigmund (D:3)
  15 crocodiles
  4 big kobolds
  16 giant frogs
  A komodo dragon zombie (D:12)
  5 brain worms
  A cyclops zombie (D:15)
  A cyclops skeleton (D:15)
  15 scorpions
  A tengu zombie (D:14)
  6 killer bees (D:14)
  4 eyes of draining
  2 spriggan skeletons (Lab)
  13 crimson imps
  A hippogriff skeleton (D:8)
  8 wights
  An electric eel (Lair:4)
  2 quasits
  3 goliath beetles
  3 human zombies
  3 centaur zombies (Ossuary)
  4 jellies
  2 lava snakes (D:11)
  A giant frog skeleton (D:5)
  13 orc priests
  14 hounds
  2 centaur skeletons
  33 worker ants
  11 iguanas
  3 orange rats (Lair:8)
  A two-headed ogre skeleton (D:8)
  11 orc wizards
  3 big kobold zombies (Ossuary)
  20 sheep
  Ijyb (D:3)
  A mottled dragon skeleton (D:11)
  Terence (D:2)
  3 mummies (Ossuary)
  4 gnolls (D:8)
  3 scorpion zombies (Ossuary)
  19 adders
  49 green rats
  3 orc skeletons
  3 shadow imps
  24 worms
  3 giant geckos
  An ooze (D:3)
  46 orcs
  22 bats
  2 gnoll zombies
  12 hobgoblins
  18 jackals
  24 kobolds
  7 quokkas
  A ball python (D:1)
  3 giant cockroaches
  5 giant newts
  10 goblins
  A goblin zombie (Ossuary)
  A hobgoblin skeleton (D:5)
  3 hobgoblin zombies
  A kobold skeleton (D:4)
  3 kobold zombies (Ossuary)
  2 orc zombies
  17 rats
  2 rat skeletons
  13 ballistomycetes
  A butterfly (Lair:2)
  A plant (Lair:8)
922 creatures vanquished.

Vanquished Creatures (collateral kills)
  A hydra (Lair:7)
  An eye of devastation (Lair:7)
  A hill giant zombie (D:10)
  A vampire mosquito (Swamp:2)
  A tengu zombie (D:10)
  A cyclops zombie (D:10)
  An elf zombie (D:10)
  A giant spore (D:8)
  4 kobolds
12 creatures vanquished.

Vanquished Creatures (others)
  A human zombie (Ossuary)
  A quokka (D:11)
  A giant spore (D:12)
  A gnoll zombie (Ossuary)
  A hobgoblin zombie (Ossuary)
  A kobold (D:3)
  An orc zombie (Ossuary)
  12 bushes (D:14)
  4 fungi (Lair:8)
  5 plants (Lair:8)
28 creatures vanquished.

Grand Total: 962 creatures vanquished

Notes
Turn   | Place    | Note
--------------------------------------------------------------
     0 | D:1      | PolkaDot, the Vampire Enchanter, began the quest for the Orb.
     0 | D:1      | Reached XP level 1. HP: 13/13 MP: 3/3
   257 | D:1      | Reached XP level 2. HP: 7/19 MP: 1/4
   606 | D:1      | Found a sparkling altar of Nemelex Xobeh.
   900 | D:2      | Noticed Terence
  1113 | D:1      | Learned a level 2 spell: Ensorcelled Hibernation
  1385 | D:2      | Reached XP level 3. HP: 13/24 MP: 0/6
  1506 | D:2      | Killed Terence
  2001 | D:3      | Noticed Ijyb
  2003 | D:3      | Noticed Sigmund
  2037 | D:3      | Killed Sigmund
  2037 | D:3      | Reached XP level 4. HP: 27/30 MP: 3/7
  2096 | D:3      | Killed Ijyb
  2096 | D:3      | Reached XP level 5. HP: 35/35 MP: 3/9
  2173 | D:3      | Found a radiant altar of Vehumet.
  2325 | D:3      | Learned a level 3 spell: Confuse
  2328 | D:3      | Learned a level 2 spell: Sure Blade
  2337 | D:3      | Noticed Purgy
  2353 | D:3      | Killed Purgy
  2353 | D:3      | Reached skill level 5 in Stealth
  2353 | D:3      | Reached skill level 5 in Hexes
  2631 | D:3      | Found a glowing silver altar of Zin.
  2750 | D:3      | Reached XP level 6. HP: 32/41 MP: 3/10
  2752 | D:3      | Reached skill level 6 in Hexes
  3856 | D:4      | Reached skill level 7 in Hexes
  4333 | D:5      | Entered Level 5 of the Dungeon
  4377 | D:5      | Found an iron altar of Okawaru.
  4421 | D:5      | Found a sand-covered staircase.
  4426 | Ossuary  | Entered an ossuary
  4443 | Ossuary  | Reached XP level 7. HP: 41/46 MP: 12/12
  4481 | Ossuary  | Reached skill level 8 in Hexes
  4713 | Ossuary  | Reached skill level 9 in Hexes
  5050 | Ossuary  | HP: 1/46 [arrow trap trap (10)]
  5057 | Ossuary  | Reached skill level 10 in Hexes
  5111 | Ossuary  | Reached XP level 8. HP: 11/52 MP: 1/13
  5462 | D:5      | Reached skill level 11 in Hexes
  5487 | D:5      | Found a staircase to the Ecumenical Temple.
  5584 | Temple   | Entered the Ecumenical Temple
  5703 | Temple   | Became a worshipper of Ashenzari the Shackled
  6156 | D:5      | Identified the ring of Zaghap Cofi {SustAb +Inv Int+3}
  6395 | D:5      | Reached skill level 12 in Hexes
  6473 | D:5      | Found a glowing golden altar of the Shining One.
  6717 | D:5      | Reached skill level 10 in Stealth
  6883 | D:6      | Identified a +0 rod of clouds (10/10)
  6952 | D:6      | Reached skill level 5 in Short Blades
  7041 | D:6      | Reached XP level 9. HP: 54/57 MP: 14/14
  7043 | D:6      | Found a stormy altar of Qazlal.
  7078 | D:6      | Reached skill level 1 in Evocations
  7325 | D:6      | Learned a level 4 spell: Enslavement
  7840 | D:7      | Found a basalt altar of Yredelemnul.
  8047 | D:7      | Found an opulent altar of Gozag.
  8092 | D:7      | Reached skill level 13 in Hexes
  8418 | D:8      | Noticed Maurice
  8424 | D:8      | Killed Maurice
  8821 | D:8      | Acquired Ashenzari's first power
  9278 | D:8      | Reached skill level 14 in Hexes
  9559 | D:8      | Reached XP level 10. HP: 63/63 MP: 16/16
  9934 | D:9      | Found a shadowy altar of Dithmenos.
 10885 | D:10     | Entered Level 10 of the Dungeon
 10935 | D:10     | Found a portal to a secret trove of treasure.
 11014 | D:10     | Reached skill level 15 in Hexes
 11062 | D:10     | Noticed a cyclops
 11069 | D:10     | Acquired Ashenzari's second power
 11073 | D:10     | Killed a cyclops
 11235 | D:10     | Noticed Josephine
 11276 | D:10     | Killed Josephine
 11374 | D:10     | Noticed Urug
 11385 | D:10     | Killed Urug
 11385 | D:10     | Reached skill level 16 in Hexes
 11658 | D:10     | Noticed a hill giant
 11672 | D:10     | Killed a hill giant
 11672 | D:10     | Reached XP level 11. HP: 68/68 MP: 10/17
 11683 | D:10     | Learned a level 1 spell: Apportation
 12009 | D:10     | Noticed an unseen horror
 12018 | D:10     | Killed an unseen horror
 12292 | D:11     | Noticed a hill giant
 12303 | D:11     | Killed a hill giant
 12357 | D:11     | Found a labyrinth entrance.
 12388 | Lab      | Entered a labyrinth
 12771 | Lab      | Noticed a minotaur
 12775 | Lab      | Identified the +8 broad axe of Throts {freeze, MR++ Stlth- Curse}
 12776 | Lab      | Killed a minotaur
 12776 | Lab      | Identified a +4 rod of striking (11/12) (You took it off a minotaur in a labyrinth)
 12776 | Lab      | Reached skill level 17 in Hexes
 12783 | Lab      | Identified a cursed +4 rod of ignition (9/9)
 12826 | D:11     | Noticed a hill giant
 13434 | D:11     | Killed a hill giant
 13553 | D:11     | Noticed a hill giant
 13571 | D:11     | Killed a hill giant
 13571 | D:11     | Reached skill level 18 in Hexes
 13642 | D:11     | Noticed a centaur warrior
 13645 | D:11     | Killed a centaur warrior
 13725 | D:11     | Reached skill level 15 in Stealth
 13725 | D:11     | Reached XP level 12. HP: 74/74 MP: 16/19
 13806 | D:11     | Found a staircase to the Lair.
 14227 | D:12     | Acquired Ashenzari's third power
 14271 | Lair:1   | Entered Level 1 of the Lair of Beasts
 15040 | Lair:1   | Learned a level 6 spell: Invisibility
 15425 | Lair:1   | Noticed an eight-headed hydra
 15430 | Lair:1   | Killed an eight-headed hydra
 16252 | Lair:2   | Reached skill level 5 in Spellcasting
 16256 | Lair:2   | Learned a level 2 spell: Blink
 16718 | Lair:3   | Identified the cursed +1 glaive "Embalmer" {vamp, rC++}
 16725 | Lair:3   | Reached skill level 19 in Hexes
 16725 | Lair:3   | Reached skill level 1 in Charms
 17147 | Lair:3   | Acquired Ashenzari's fourth power
 17149 | Lair:3   | Reached skill level 1 in Shields
 17695 | Lair:4   | Noticed Protee's ghost (powerful DsWz)
 17718 | Lair:4   | Killed Protee's ghost
 17735 | Lair:4   | Found a hole to the Spider Nest.
 17746 | Lair:4   | Reached XP level 13. HP: 74/79 MP: 22/27
 18197 | Lair:4   | Found a staircase to the Swamp.
 18593 | Lair:5   | Found a deep blue altar of Sif Muna.
 18753 | Lair:5   | Reached skill level 5 in Shields
 18818 | Lair:5   | Identified the +12 scimitar of Zob Duel {elec, *Tele +Rage rN+ Dex+2 SInv}
 20006 | Lair:6   | Reached skill level 20 in Hexes
 20648 | Lair:7   | Noticed Edmund
 20653 | Lair:7   | Killed Edmund
 20933 | Lair:7   | Found a staircase to the Slime Pits.
 21689 | Lair:7   | Learned a level 3 spell: Dazzling Spray
 22012 | Lair:7   | Reached skill level 10 in Short Blades
 22218 | Lair:8   | Entered Level 8 of the Lair of Beasts
 22473 | Lair:8   | Reached skill level 21 in Hexes
 22480 | Lair:8   | Reached XP level 14. HP: 85/85 MP: 24/29
 23656 | Lair:8   | Reached skill level 22 in Hexes
 23950 | Lair:8   | Identified a scroll of acquirement
 25182 | D:12     | Found a staircase to the Orcish Mines.
 26427 | D:13     | Found a gate to the Vaults.
 26501 | D:14     | Noticed Frances
 26521 | D:14     | Found a burning altar of Makhleb.
 26720 | D:14     | Gained mutation: You can translocate small distances at will. [mutagenic glow]
 26779 | D:14     | Gained mutation: Your magical capacity is low (-10% MP). [mutagenic glow]
 27023 | D:14     | Reached XP level 15. HP: 7/90 MP: 21/26
 27510 | D:15     | Entered Level 15 of the Dungeon
 27667 | D:15     | Found a stormy altar of Qazlal.
 28098 | D:14     | Killed Frances
 28446 | D:15     | Noticed Azrael
 28451 | D:15     | Killed Azrael
 28704 | D:15     | Found a staircase to the Depths.
 29042 | D:15     | Reached skill level 23 in Hexes
 29521 | Swamp:1  | Entered Level 1 of the Swamp
 30566 | Swamp:1  | Reached skill level 5 in Dodging
 31909 | Swamp:2  | HP: 1/90 [spriggan druid/angry trees (15)]
 31910 | Swamp:2  | Killed from afar by a spriggan druid

Action                   |  1- 3 |  4- 6 |  7- 9 | 10-12 | 13-15 || total
-------------------------+-------+-------+-------+-------+-------++-------
Melee: Dagger            |    96 |   162 |   402 |   440 |   787 ||  1887
 Cast: Corona            |     1 |     1 |     2 |       |    10 ||    14
       Ensorcelled Hiber |    10 |    46 |    90 |    94 |   142 ||   382
       Confuse           |       |     2 |    33 |    28 |    18 ||    81
       Sure Blade        |       |     1 |       |       |       ||     1
       Enslavement       |       |       |     2 |     8 |    18 ||    28
       Invisibility      |       |       |       |     4 |    35 ||    39
       Dazzling Spray    |       |       |       |       |    28 ||    28
 Abil: Evoke Invisibilit |       |       |       |    11 |       ||    11
       Turn Visible      |       |       |       |     8 |       ||     8
       End Transformatio |       |       |       |     3 |     5 ||     8
       Bat Form          |       |       |       |     3 |     5 ||     8
Evoke: Wand              |       |       |     2 |     4 |     3 ||     9
  Use: Potion            |     3 |       |     8 |     1 |     8 ||    20
       Scroll            |     1 |    12 |    15 |    13 |    21 ||    62
 Stab: Sleeping          |     9 |    39 |    85 |   152 |   378 ||   663
       Confused          |       |     1 |    23 |    19 |    11 ||    54
       Distracted        |       |       |     1 |     2 |     5 ||     8
       Invisible         |       |       |       |    38 |    58 ||    96
       Betrayed ally     |       |       |       |       |     6 ||     6
